Workbook

Sheet Plan. Orçamentária
A1: PREFEITURA MUNICIPAL Secretaria de Obras e Serviços Urbanos | Q1: 1
Q2: 2
Q3: 3
A4: OBRA POR EXECUÇÃO INDIRETA | Q4: 4
A5: Setor requisitante: Secretaria Municipal de Obras e Serviços Urbanos | Q5: 5
A6: Objeto: | C6: LOTE 02 - Pavimentação de via em piso de concreto pré-moldado intertravado, tipo Sextavado - Rua Custódio Costa Lage, Rua Gabriel Martins Quintão e Avenida Nuno Lage, bairro Santa Maria - Nova Era/MG | G6: BDI: | H6: =BDI!J28 -> 0.3038 | I6: =TODAY() -> 44887 | Q6: 6
Q7: 7
A8: PLANILHA ORÇAMENTÁRIA | Q8: 8
A9: Item | B9: Preço Referência | C9: Fonte | D9: Descrição | E9: Qtde. | F9: Unidade | G9: Preço unitário sem BDI | H9: Preço unitário com BDI | I9: P. Total | Q9: 9
A10: 1 | B10: - | C10: - | D10: MOBILIZAÇÃO E DESMOBILIZAÇÃO | Q10: 11
A11: =$A$10&"."&Q1 -> 1.1 | B11: ED-50393 | C11: SETOP (JUN/2022) | D11: Mobilização e desmobilização de obra em centro urbano ou região limítrofe com valor entre 1.000.000,01 e 3.000.000,00 | E11: ='Mem. Cálc. - P.O'!J18 -> 1 | F11: VB | H11: =G11+G11*H6 -> 0 | I11: =E11*H11 -> 0 | Q11: 12
A12: ="TOTAL (Item "&A10&"):" -> TOTAL (Item 1): | I12: =SUM(I11:I11) -> 0 | Q12: 13
A13: 2 | B13: - | C13: - | D13: CANTEIRO DE OBRAS | Q13: 14
A14: =$A$13&"."&Q1 -> 2.1 | B14: ED-50152 | C14: SETOP (JUN/2022) | D14: Fornecimento e colocação de placa de obra em chapa galvanizada (3,00 x 1,50m) - em chapa galvanizada 0,26 afixadas com rebites 540 e parafusos 3/8, em estrutura metálica viga u 2" enrijecida com metalon 20 x 20, suporte em eucalipto autoclavado pintadas | E14: ='Mem. Cálc. - P.O'!J23 -> 1 | F14: UN | H14: =(G14+(G14*$H$6)) -> 0 | I14: =E14*H14 -> 0 | Q14: 15
A15: =$A$13&"."&Q2 -> 2.2 | B15: ED-50155 | C15: SETOP (JUN/2022) | D15: Locação de banheiro químico, dimensão (110x120x230)cm, linha padrão, contendo uma (1) pia/higienizador de mãos, inclusive manutenção e mobilização/desmobilização | E15: ='Mem. Cálc. - P.O'!J27 -> 4 | F15: MÊS | H15: =(G15+(G15*$H$6)) -> 0 | I15: =E15*H15 -> 0 | N15: =L15*M15 -> 0
A16: =$A$13&"."&Q3 -> 2.3 | B16: ED-16348 | C16: SETOP (JUN/2022) | D16: Locação de container com isolamento térmico, tipo 1, para escritório de obra/almoxarifado, com medidas referenciais de (6) metros de comprimentos, (2,3) metros de largura, (2,5) metros de altura útil interna, inclusive ar condicionado e ligações elétricas internas | E16: ='Mem. Cálc. - P.O'!J31 -> 4 | F16: MÊS | H16: =(G16+(G16*$H$6)) -> 0 | I16: =E16*H16 -> 0 | N16: =L16*M16 -> 0
A17: =$A$13&"."&Q4 -> 2.4 | B17: ED-16356 | C17: SETOP (JUN/2022) | D17: Ligações provisórias para container tipo 1 (correspondente ao código ED-16348) | E17: ='Mem. Cálc. - P.O'!J35 -> 1 | F17: UN | H17: =(G17+(G17*$H$6)) -> 0 | I17: =E17*H17 -> 0 | N17: =SUM(N15:N16) -> 0
A18: =$A$13&"."&Q5 -> 2.5 | B18: ED-50137 | C18: SETOP (JUN/2022) | D18: Mobilização e desmobilização de container, inclusive instalação e transporte com caminhão guindauto (munck) | E18: ='Mem. Cálc. - P.O'!J40 -> 1 | F18: UN | H18: =(G18+(G18*$H$6)) -> 0 | I18: =E18*H18 -> 0
A19: ="TOTAL (Item "&A13&"):" -> TOTAL (Item 2): | I19: =SUM(I14:I18) -> 0 | Q19: 16
A20: 3 | B20: - | C20: - | D20: ADMINISTRAÇAO LOCAL
A21: 3.1 | B21: CO-27348 | C21: SETOP (JUN/2022) | D21: Engenheiro/Arquiteto Junior | E21: ='Mem. Cálc. - P.O'!J45 -> 88 | F21: H | H21: =(G21+(G21*$H$6)) -> 0 | I21: =E21*H21 -> 0
A22: 3.2 | B22: ED-21776 | C22: SETOP (JUN/2022) | D22: Encarregado geral com encargos complementares | E22: ='Mem. Cálc. - P.O'!J49 -> 4 | F22: MÊS | H22: =(G22+(G22*$H$6)) -> 0 | I22: =E22*H22 -> 0
A23: 3.3 | B23: 90781 | C23: SINAPI (OUT/2022) | D23: Topografo com encargos complementares | E23: ='Mem. Cálc. - P.O'!J53 -> 44 | F23: H | H23: =(G23+(G23*$H$6)) -> 0 | I23: =E23*H23 -> 0
A24: 3.4 | B24: 88253 | C24: SINAPI (OUT/2022) | D24: Auxiliar de topógrafo com encargos complementares | E24: ='Mem. Cálc. - P.O'!J57 -> 44 | F24: H | H24: =(G24+(G24*$H$6)) -> 0 | I24: =E24*H24 -> 0
A25: ="TOTAL (Item "&A20&")" -> TOTAL (Item 3) | I25: =SUM(I21:I24) -> 0
A26: 4 | B26: - | C26: - | D26: SINALIZAÇÃO
A27: 4.1 | B27: RO-42193 | C27: SETOP (JUN/2022) | D27: Placa de aço carbono com película refletiva grau técnico tipo I da ABNT, placa retangular (execução, incluindo fornecimento e transporte de todos os materiais, inclusive poste de sustentação) | E27: ='Mem. Cálc. - P.O'!J63 -> 3.52 | F27: M2 | H27: =(G27+(G27*$H$6)) -> 0 | I27: =E27*H27 -> 0
A28: 4.2 | B28: ED-27006 | C28: SETOP (JUN/2022) | D28: Cone para sinalização/isolamento de áreas, altura 75 cm, inclusive fornecimento e movimentação | E28: ='Mem. Cálc. - P.O'!J71 -> 10 | F28: UN | H28: =(G28+(G28*$H$6)) -> 0 | I28: =E28*H28 -> 0
A29: ="TOTAL (Item "&A26&")" -> TOTAL (Item 4) | I29: =SUM(I27:I28) -> 0
A30: 5 | B30: - | C30: - | D30: DRENAGEM PLUVIAL
A31: 5.1 | B31: ED-51105 | C31: SETOP (JUN/2022) | D31: Escavação e carga mecanizada em material de 1ª categoria | E31: ='Mem. Cálc. - P.O'!J78 -> 311.47 | F31: M3 | H31: =(G31+(G31*$H$6)) -> 0 | I31: =E31*H31 -> 0
A32: 5.2 | B32: ED-51098 | C32: SETOP (JUN/2022) | D32: Aterro compactado com rolo vibratório a 95% do P.N | E32: ='Mem. Cálc. - P.O'!J84 -> 311.47 | F32: M3 | H32: =(G32+(G32*$H$6)) -> 0 | I32: =E32*H32 -> 0
A33: 5.3 | B33: 90107 | C33: SINAPI (OUT/2022) | D33: Escavação mecanizada de vala, com profundidade até 3,00m, largura menor 0,8m em solos de 1ª categoria | E33: ='Mem. Cálc. - P.O'!J105 -> 405.57 | F33: M3 | H33: =(G33+(G33*$H$6)) -> 0 | I33: =E33*H33 -> 0
A34: 5.4 | B34: 90108 | C34: SINAPI (OUT/2022) | D34: Escavação mecanizada de vala, com profundidade até 3,00m, largura de 0,8m a 1,5m, em solos de 1ª categoria | E34: ='Mem. Cálc. - P.O'!J115 -> 603.62 | F34: M3 | H34: =(G34+(G34*$H$6)) -> 0 | I34: =E34*H34 -> 0
A35: 5.5 | B35: 101616 | C35: SINAPI (OUT/2022) | D35: Preparo do fundo de vala com largura menor que 1,5 m | E35: ='Mem. Cálc. - P.O'!J142 -> 469.97 | F35: M2 | H35: =(G35+(G35*$H$6)) -> 0 | I35: =E35*H35 -> 0
A36: 5.6 | B36: 96620 | C36: SINAPI (OUT/2022) | D36: Berço em concreto não estrutural, preparado em obra com betoneira, Fck ≥ 15MPa, inclusive lançamento, adensamento e acabamento | E36: ='Mem. Cálc. - P.O'!J152 -> 34.01 | F36: M3 | H36: =(G36+(G36*$H$6)) -> 0 | I36: =E36*H36 -> 0
A37: 5.7 | B37: 92210 | C37: SINAPI (OUT/2022) | D37: Tubo de concreto armado PA1, DN 400mm, junta rígida tipo ponta e bolsa, incluindo fornecimento, assentamento e rejuntamento | E37: ='Mem. Cálc. - P.O'!J173 -> 266.32 | F37: M | H37: =(G37+(G37*$H$6)) -> 0 | I37: =E37*H37 -> 0
A38: 5.8 | B38: 92212 | C38: SINAPI (OUT/2022) | D38: Tubo de concreto armado PA1, DN 600mm, junta rígida tipo ponta e bolsa, incluindo fornecimento, assentamento e rejuntamento | E38: ='Mem. Cálc. - P.O'!J182 -> 315.03 | F38: M | H38: =(G38+(G38*$H$6)) -> 0 | I38: =E38*H38 -> 0
A39: 5.9 | B39: 93382 | C39: SINAPI (OUT/2022) | D39: Reaterro de vala com compactação mecânica através de placa vibratória | E39: ='Mem. Cálc. - P.O'!J214 -> 836.36 | F39: M3 | H39: =(G39+(G39*$H$6)) -> 0 | I39: =E39*H39 -> 0
A40: 5.10 | B40: ED-48540 | C40: SETOP (JUN/2022) | D40: Ala de rede tubular DN 600, exclusive bota fora | E40: ='Mem. Cálc. - P.O'!J218 -> 1 | F40: UN | H40: =(G40+(G40*$H$6)) -> 0 | I40: =E40*H40 -> 0
A41: 5.11 | B41: COMP-001 | C41: COMP-001 | D41: Poço de visita para drenagem pluvial em alvenaria de blocos de concreto, cheios em concreto Fck ≥ 20MPa, dimensões internas de 100X100cm, altura de 150 cm a 300 cm (varíável de acordo com perfil da rede), para rede DN 400mm e DN600mm, com tampa de concreto armado e reboco interno, incluindo escavação e reaterro compactado, conforme projeto | E41: ='Mem. Cálc. - P.O'!J223 -> 8 | F41: UN | H41: =(G41+(G41*$H$6)) -> 0 | I41: =E41*H41 -> 0 | O41: 48
A42: 5.12 | B42: COMP-003 | C42: COMP-003 | D42: Caixa de passagem para drenagem pluvial, em alvenaria de blocos de concreto, cheios em concreto Fck ≥ 20MPa, dimensões internas de 100X100cm, altura ≤ 250cm, para rede DN 400mm e DN600mm, com tampa de concreto armado e reboco interno, incluindo escavação e reaterro compactado, conforme projeto | E42: ='Mem. Cálc. - P.O'!J232 -> 4 | F42: UN | H42: =(G42+(G42*$H$6)) -> 0 | I42: =E42*H42 -> 0
A43: 5.13 | B43: ED-48549 | C43: SETOP (JUN/2022) | D43: Boca de lobo simples, dimensões internas de 85x28x100cm (comp. x larg. x alt.) em alvenaria de blocos de concreto, cheios em concreto Fck ≥ 20MPa, sobre lastro de concreto 10cm, incluindo escavação e reaterro compactado, conforme projeto. Inclusive reboco para alvenaria interna, grelha GR 95 ferro fundido, cantoneira e bota fora (Tipo A - ferro fundido) | E43: ='Mem. Cálc. - P.O'!J242 -> 17 | F43: UN | H43: =(G43+(G43*$H$6)) -> 0 | I43: =E43*H43 -> 0
A44: ="TOTAL (Item "&A30&"):" -> TOTAL (Item 5): | I44: =SUM(I31:I43) -> 0
A45: 6 | B45: - | C45: - | D45: PAVIMENTAÇÃO
A46: 6.1 | B46: ED-48490 | C46: SETOP (JUN/2022) | D46: Demolição manual de pavimento poliédrica, inclusive afastamento | E46: ='Mem. Cálc. - P.O'!J254 -> 6021.63 | F46: M2 | H46: =(G46+(G46*$H$6)) -> 0 | I46: =E46*H46 -> 0
A47: 6.2 | B47: ED-51132 | C47: SETOP (JUN/2022) | D47: Carga de material de qualquer natureza sobre caminhão basculante, de forma mecanizada | E47: ='Mem. Cálc. - P.O'!J258 -> 1445.19 | F47: M3 | H47: =(G47+(G47*$H$6)) -> 0 | I47: =E47*H47 -> 0
A48: 6.3 | B48: ED-51130 | C48: SETOP (JUN/2022) | D48: Transporte de material de qualquer natureza em caminhão basculante, DMT > 5km, dentro do perímetro urbano | E48: ='Mem. Cálc. - P.O'!J262 -> 14596.42 | F48: M3XKM | H48: =(G48+(G48*$H$6)) -> 0 | I48: =E48*H48 -> 0
A49: 6.4 | B49: 100576 | C49: SINAPI (OUT/2022) | D49: Regularização e compactação de subleito de solo predominantemente argiloso | E49: ='Mem. Cálc. - P.O'!J266 -> 6021.63 | F49: M2 | H49: =(G49+(G49*$H$6)) -> 0 | I49: =E49*H49 -> 0
A50: 6.5 | B50: ED-48472 | C50: SETOP (JUN/2022) | D50: Remoção de meio-fio pré-moldado de concreto, inclusive carga | E50: ='Mem. Cálc. - P.O'!J275 -> 997 | F50: M | H50: =(G50+(G50*$H$6)) -> 0 | I50: =E50*H50 -> 0
A51: 6.6 | B51: 94274 | C51: SINAPI (OUT/2022) | D51: Meio-fio em concreto pré-fabricado Fck ≥ 15MPa, dimensões 80x13x10x35 cm (comprimento x face inferior x face superior x altura), para vias urbanas, inclusive escavação e reaterro | E51: ='Mem. Cálc. - P.O'!J297 -> 1099.88 | F51: M | H51: =(G51+(G51*$H$6)) -> 0 | I51: =E51*H51 -> 0
A52: 6.7 | B52: 92407 | C52: SINAPI (OUT/2022) | D52: Pavimentação de via em piso de concreto pré-moldado intertravado sobre camada de assentamento em pó de pedra, espessura de 6 cm, incluindo fornecimento e transporte de todos os materiais | E52: ='Mem. Cálc. - P.O'!J308 -> 6021.63 | F52: M2 | H52: =(G52+(G52*$H$6)) -> 0 | I52: =E52*H52 -> 0
A53: 6.8 | B53: 94288 | C53: SINAPI (OUT/2022) | D53: Sarjeta em concreto usinado, Fck ≥ 35 MPa, 30cm de base x 10cm de altura, incluindo formas e compactação do terreno | E53: ='Mem. Cálc. - P.O'!J319 -> 1661.95 | F53: M | H53: =(G53+(G53*$H$6)) -> 0 | I53: =E53*H53 -> 0
A54: ="SUB-TOTAL (Item "&A45&"):" -> SUB-TOTAL (Item 6): | I54: =SUM(I46:I53) -> 0
A55: TOTAL | I55: =I12+I19+I25+I29+I44+I54 -> 0
A56: Instruções:
A57: 1) Os preços unitários da planilha são referenciais, limites máximos permitidos e correspondem ao custo total de cada serviço. Foram utilizados preços de referência com desoneração, conforme Lei 13.161/2015.
A58: 2) Estão incluídos nos custos de cada item: Fornecimento e transporte de todos os materiais e equipamentos + mão de obra + encargos sociais + encargos complementares. No preço unitário estão incluidos todos os componentes necessários para execução de cada serviço, mesmo aqueles que embora não citados sejam indispensáveis para o seu desenvolvimento.
A59: 3) Os Encargos complementares são custos associados à mão de obra - alimentação, transporte, equipamentos de proteção individual, ferramentas e outros.
A60: 4) O BDI adotado foi de 30,38%, com desoneração, conforme Acórdão nº 2622/2013 e Lei 13.161 de 31/08/15. Os percentuais adotados para o cálculo do BDI estão detalhados em planilha anexa. Conforme legislação tributária Municipal, a base de cálculo do ISS corresponde a 90,00% do valor deste tipo de obra e, sobre esta base, incide ISS com alíquota de 5,00%.
A61: 5) A Contribuição Previdenciária sobre a Receita Bruta (CPRB) - Lei 13.161/2015, desonera a folha de salários de diversas atividades econômicas da construção civil e impacta no cálculo do BDI mediante a majoração do percentual correspondente à 4,5% sobre o preço total da obra, em substituição à contribuição previdenciária patronal de 20% prevista nos encargos sociais.
A62: 6) Os serviços deverão ser executados rigorosamente conforme Planilha Orçamentária, Especificação Técnica e Projetos.
A63: 7) Caso a Fiscalização Municipal entenda como inviável a execução de algum item previsto nesta planilha, a Prefeitura Municipal reserva-se o direito de realizar supressão total ou parcial do(s) mesmo(s), de acordo com os limites estabelecidos pela Lei nº 8.666/93.
A64: 8) Os LICITANTES deverão apresentar composição do BDI utilizado em sua proposta comercial, detalhando cada percentual separadamente (Administração central, seguros, riscos, garantias, despesas financeiras, lucro/remuneração, impostos). O percentual de ISS deverá seguir a legislação Municipal. A CONTRATANTE realizará retenção do ISS conforme alíquota adotada na composição da empresa vencedora do processo licitatório.

Sheet Mem. Cálc. - P.O
A1: PREFEITURA MUNICIPAL Secretaria de Obras e Serviços Urbanos
A4: ='Plan. Orçamentária'!A4:I4 -> OBRA POR EXECUÇÃO INDIRETA
A5: ='Plan. Orçamentária'!A5 -> Setor requisitante: Secretaria Municipal de Obras e Serviços Urbanos
A6: ='Plan. Orçamentária'!A6 -> Objeto: | B6: ='Plan. Orçamentária'!C6 -> LOTE 02 - Pavimentação de via em piso de concreto pré-moldado intertravado, tipo Sextavado - Rua Custódio Costa Lage, Rua Gabriel Martins Quintão e Avenida Nuno Lage, bairro Santa Maria - Nova Era/MG | H6: ='Plan. Orçamentária'!G6 -> BDI: | I6: ='Plan. Orçamentária'!H6 -> 0.3038 | J6: ='Plan. Orçamentária'!I6 -> 44887
A8: MEMÓRIA DE CÁLCULO
A9: ='Plan. Orçamentária'!A10 -> 1 | B9: ='Plan. Orçamentária'!D10 -> MOBILIZAÇÃO E DESMOBILIZAÇÃO
A10: Detalhe | D10: Custo direto da obra (com BDI) | F10: Custo direto da obra (sem BDI) | H10: ='Plan. Orçamentária'!D11 -> Mobilização e desmobilização de obra em centro urbano ou região limítrofe com valor entre 1.000.000,01 e 3.000.000,00
A13: 0.3 | D13: ='Plan. Orçamentária'!I19+'Plan. Orçamentária'!I25+'Plan. Orçamentária'!I29+'Plan. Orçamentária'!I44+'Plan. Orçamentária'!I54 -> 0 | F13: =D13/1.3038 -> 0 | H13: =(F13*A13)/100 -> 0
A14: ='Plan. Orçamentária'!A11 -> 1.1 | B14: ='Plan. Orçamentária'!D11 -> Mobilização e desmobilização de obra em centro urbano ou região limítrofe com valor entre 1.000.000,01 e 3.000.000,00
A15: Detalhe | D15: Extensão | E15: Largura | F15: Altura | G15: Quantidade | H15: Lados | I15: Área | J15: Total
A16: Mobilização | G16: 0.7 | J16: =((PRODUCT(D16:H16))-I16) -> 0.7
A17: Desmobilização | G17: 0.3 | J17: =((PRODUCT(D17:H17))-I17) -> 0.3
A18: ="TOTAL - "&'Plan. Orçamentária'!F11 -> TOTAL - VB | J18: =SUM(J16:J17) -> 1
A19: ='Plan. Orçamentária'!A13 -> 2 | B19: ='Plan. Orçamentária'!D13 -> CANTEIRO DE OBRAS
A20: ='Plan. Orçamentária'!A14 -> 2.1 | B20: ='Plan. Orçamentária'!D14 -> Fornecimento e colocação de placa de obra em chapa galvanizada (3,00 x 1,50m) - em chapa galvanizada 0,26 afixadas com rebites 540 e parafusos 3/8, em estrutura metálica viga u 2" enrijecida com metalon 20 x 20, suporte em eucalipto autoclavado pintadas
A21: Detalhe | D21: Extensão | E21: Largura | F21: Altura | G21: Quantidade | H21: Lados | I21: Área | J21: Total
A22: Placa de identificação de obra | G22: 1 | J22: =((PRODUCT(D22:H22))-I22) -> 1
A23: ="TOTAL - "&'Plan. Orçamentária'!F14 -> TOTAL - UN | J23: =SUM(J22) -> 1
A24: ='Plan. Orçamentária'!A15 -> 2.2 | B24: ='Plan. Orçamentária'!D15 -> Locação de banheiro químico, dimensão (110x120x230)cm, linha padrão, contendo uma (1) pia/higienizador de mãos, inclusive manutenção e mobilização/desmobilização
A25: Detalhe | D25: Extensão | E25: Largura | F25: Altura | G25: Quantidade | H25: Lados | I25: Área | J25: Total
A26: 01 (um) banheiro químico durante o perído de execução da obra | G26: 4 | J26: =((PRODUCT(D26:H26))-I26) -> 4
A27: ="TOTAL - "&'Plan. Orçamentária'!F15 -> TOTAL - MÊS | J27: =SUM(J26) -> 4
A28: ='Plan. Orçamentária'!A16 -> 2.3 | B28: ='Plan. Orçamentária'!D16 -> Locação de container com isolamento térmico, tipo 1, para escritório de obra/almoxarifado, com medidas referenciais de (6) metros de comprimentos, (2,3) metros de largura, (2,5) metros de altura útil interna, inclusive ar condicionado e ligações elétricas internas
A29: Detalhe | D29: Extensão | E29: Largura | F29: Altura | G29: Quantidade | H29: Lados | I29: Área | J29: Total
A30: 01 (um) container durante o período de execução da obra | G30: 4 | J30: =((PRODUCT(D30:H30))-I30) -> 4
A31: ="TOTAL - "&'Plan. Orçamentária'!F16 -> TOTAL - MÊS | J31: =SUM(J30) -> 4
A32: ='Plan. Orçamentária'!A17 -> 2.4 | B32: ='Plan. Orçamentária'!D17 -> Ligações provisórias para container tipo 1 (correspondente ao código ED-16348)
A33: Detalhe | D33: Extensão | E33: Largura | F33: Altura | G33: Quantidade | H33: Lados | I33: Área | J33: Total
A34: Ligações provisórias para 01 (um) container durante o período de execução da obra | G34: 1 | J34: =((PRODUCT(D34:H34))-I34) -> 1
A35: ="TOTAL - "&'Plan. Orçamentária'!F17 -> TOTAL - UN | J35: =SUM(J34) -> 1
A36: ='Plan. Orçamentária'!A18 -> 2.5 | B36: ='Plan. Orçamentária'!D18 -> Mobilização e desmobilização de container, inclusive instalação e transporte com caminhão guindauto (munck)
A37: Detalhe | D37: Extensão | E37: Largura | F37: Altura | G37: Quantidade | H37: Lados | I37: Área | J37: Total
A38: Mobilização de container | G38: 0.7 | J38: =PRODUCT(D38:I38) -> 0.7
A39: Desmobilização de container | G39: 0.3 | J39: =PRODUCT(D39:I39) -> 0.3
A40: ="TOTAL - "&'Plan. Orçamentária'!F18 -> TOTAL - UN | J40: =SUM(J38:J39) -> 1
A41: ='Plan. Orçamentária'!A20 -> 3 | B41: ='Plan. Orçamentária'!D20 -> ADMINISTRAÇAO LOCAL
A42: ='Plan. Orçamentária'!A21 -> 3.1 | B42: ='Plan. Orçamentária'!D21 -> Engenheiro/Arquiteto Junior
A43: Detalhe | D43: Extensão | E43: Largura | F43: Quantidade (horas/dia) | G43: Quantidade (dia/mês) | H43: Quantidade (mês) | I43: Dedução | J43: Total
A44: 01 (um) engenheiro durante o perído de execução da obra | F44: 1 | G44: 22 | H44: 4 | J44: =((PRODUCT(D44:H44))-I44) -> 88
A45: ="TOTAL - " & "H" -> TOTAL - H | J45: =SUM(J44) -> 88
A46: ='Plan. Orçamentária'!A22 -> 3.2 | B46: ='Plan. Orçamentária'!D22 -> Encarregado geral com encargos complementares
A47: Detalhe | D47: Extensão | E47: Largura | F47: Quantidade (horas/dia) | G47: Quantidade (dia/mês) | H47: Quantidade (mês) | I47: Dedução | J47: Total
A48: 01 (um) encarregado durante o perído de execução da obra | H48: 4 | J48: =((PRODUCT(D48:H48))-I48) -> 4
A49: ="TOTAL - " & "MÊS" -> TOTAL - MÊS | J49: =SUM(J48) -> 4
A50: ='Plan. Orçamentária'!A23 -> 3.3 | B50: ='Plan. Orçamentária'!D23 -> Topografo com encargos complementares
A51: Detalhe | D51: Extensão | E51: Largura | F51: Quantidade (horas/dia) | G51: Quantidade (dia/mês) | H51: Quantidade (mês) | I51: Dedução | J51: Total
A52: 01 (um) topografo durante o perído de execução da obra | F52: 0.5 | G52: 22 | H52: 4 | J52: =((PRODUCT(D52:H52))-I52) -> 44
A53: ="TOTAL - " & "H" -> TOTAL - H | J53: =SUM(J52) -> 44
A54: ='Plan. Orçamentária'!A24 -> 3.4 | B54: ='Plan. Orçamentária'!D24 -> Auxiliar de topógrafo com encargos complementares
A55: Detalhe | D55: Extensão | E55: Largura | F55: Quantidade (horas/dia) | G55: Quantidade (dia/mês) | H55: Quantidade (mês) | I55: Dedução | J55: Total
A56: 01 (um) auxiliar de topografo durante o perído de execução da obra | F56: 0.5 | G56: 22 | H56: 4 | J56: =((PRODUCT(D56:H56))-I56) -> 44
A57: ="TOTAL - " & "H" -> TOTAL - H | J57: =SUM(J56) -> 44
A58: ='Plan. Orçamentária'!A26 -> 4 | B58: ='Plan. Orçamentária'!D26 -> SINALIZAÇÃO
A59: ='Plan. Orçamentária'!A27 -> 4.1 | B59: ='Plan. Orçamentária'!D27 -> Placa de aço carbono com película refletiva grau técnico tipo I da ABNT, placa retangular (execução, incluindo fornecimento e transporte de todos os materiais, inclusive poste de sustentação)
A60: Detalhe | D60: Extensão | E60: Largura | F60: Altura | G60: Quantidade | H60: Mês | I60: Área | J60: Total
A61: Placa de sinalização de advertência de obras em ambos os lados da Rua Custódio Costa lage | E61: 0.4 | F61: 1.1 | G61: 6 | J61: =((PRODUCT(D61:H61))-I61) -> 2.64
A62: Placa de sinalização de advertência de obras em ambos os lados da Rua Antônio Muzzi | E62: 0.4 | F62: 1.1 | G62: 2 | J62: =((PRODUCT(D62:H62))-I62) -> 0.88
A63: ="TOTAL - "&'Plan. Orçamentária'!F27 -> TOTAL - M2 | J63: =SUM(J61:J62) -> 3.52
A64: ='Plan. Orçamentária'!A28 -> 4.2 | B64: ='Plan. Orçamentária'!D28 -> Cone para sinalização/isolamento de áreas, altura 75 cm, inclusive fornecimento e movimentação
A65: Detalhe | D65: Extensão | E65: Largura | F65: Altura | G65: Quantidade | H65: Mês | I65: Área | J65: Total
A66: Rua Arthur Vidigal | G66: 2 | J66: =PRODUCT(D66:H66)-I66 -> 2
A67: Rua Gabriel Martins Quintão | G67: 2 | J67: =PRODUCT(D67:H67)-I67 -> 2
A68: Avenida Nuno Lage | G68: 2 | J68: =PRODUCT(D68:H68)-I68 -> 2
A69: Rua Antonio Muzzi | G69: 2 | J69: =PRODUCT(D69:H69)-I69 -> 2
A70: Rua Custodio Costa Lage (Final da Rua) | G70: 2 | J70: =PRODUCT(D70:H70)-I70 -> 2
A71: ="TOTAL - "&'Plan. Orçamentária'!F28 -> TOTAL - UN | J71: =SUM(J66:J70) -> 10
A72: ='Plan. Orçamentária'!A30 -> 5 | B72: ='Plan. Orçamentária'!D30 -> DRENAGEM PLUVIAL
A73: ='Plan. Orçamentária'!A31 -> 5.1 | B73: ='Plan. Orçamentária'!D31 -> Escavação e carga mecanizada em material de 1ª categoria
A74: Detalhe | D74: Extensão | E74: Largura | F74: Altura | G74: Volume | H74: Área | I74: Dedução | J74: Total
A75: AVENIDA NUNO LAGE
A76: Rebaixamento de caixa de rua - PV08 > PV09 | E76: 3.5 | H76: 67.46 | J76: =PRODUCT(D76:H76)-I76 -> 236.11
A77: Rebaixamento de caixa de rua - PV09 > PV10 | E77: 3.5 | H77: 21.53 | J77: =PRODUCT(D77:H77)-I77 -> 75.36
A78: ="TOTAL - "&'Plan. Orçamentária'!F31 -> TOTAL - M3 | J78: =SUM(J75:J77) -> 311.47
A79: ='Plan. Orçamentária'!A32 -> 5.2 | B79: ='Plan. Orçamentária'!D32 -> Aterro compactado com rolo vibratório a 95% do P.N
A80: Detalhe | D80: Extensão | E80: Largura | F80: Altura | G80: Volume | H80: Área | I80: Dedução | J80: Total
A81: AVENIDA NUNO LAGE
A82: Rebaixamento de caixa de rua - PV08 > PV09 | E82: 3.5 | H82: 67.46 | J82: =PRODUCT(D82:H82)-I82 -> 236.11
A83: Rebaixamento de caixa de rua - PV09 > PV10 | E83: 3.5 | H83: 21.53 | J83: =PRODUCT(D83:H83)-I83 -> 75.36
A84: ="TOTAL - "&'Plan. Orçamentária'!F32 -> TOTAL - M3 | J84: =SUM(J81:J83) -> 311.47
A85: ='Plan. Orçamentária'!A33 -> 5.3 | B85: ='Plan. Orçamentária'!D33 -> Escavação mecanizada de vala, com profundidade até 3,00m, largura menor 0,8m em solos de 1ª categoria
A86: Detalhe | D86: Extensão | E86: Largura | F86: Altura | G86: Volume | H86: Área | I86: Dedução | J86: Total
A87: RUA CUSTÓDIO DA COSTA LAGE
A88: 1º Trecho: Ramal BL>CP2 | D88: 10.06 | E88: 0.7 | F88: 1.5 | J88: =PRODUCT(D88:H88)-I88 -> 10.56
A89: 1º Trecho: Ramal BL0>CP3 | D89: 12.18 | E89: 0.7 | F89: 1.5 | J89: =PRODUCT(D89:H89)-I89 -> 12.79
A90: 2º Trecho: Ramal BL>PV11 | D90: 6.51 | E90: 0.7 | F90: 1.5 | J90: =PRODUCT(D90:H90)-I90 -> 6.84
A91: 2º Trecho: Ramal BL>CP7 | D91: 8.68 | E91: 0.7 | F91: 1.5 | J91: =PRODUCT(D91:H91)-I91 -> 9.11
A92: 2º Trecho: Rede Ø400mm PV11>CP7 | E92: 0.7 | H92: 51.31 | J92: =PRODUCT(D92:H92)-I92 -> 35.92
A93: 2º Trecho: Rede Ø400mm PV6>PV11 | E93: 0.7 | H93: 129.31 | J93: =PRODUCT(D93:H93)-I93 -> 90.52
A94: RUA GABRIEL MARTINS QUINTÃO
A95: 1º Trecho: Ramal BL > CP4 | D95: =5.28+2.2+3.41+6.42 -> 17.31 | E95: 0.7 | F95: =AVERAGE(1.5,1) -> 1.25 | J95: =PRODUCT(D95:H95)-I95 -> 15.15
A96: AVENIDA NUNO LAGE
A97: Ramal BL > PV07 | D97: 5.2 | E97: 0.7 | F97: 1.25 | J97: =PRODUCT(D97:H97)-I97 -> 4.55
D98: 2.6 | E98: 0.7 | F98: 1.25 | J98: =PRODUCT(D98:H98)-I98 -> 2.28
A99: Ramal BL > PV08 | D99: 5.4 | E99: 0.7 | F99: 1.25 | J99: =PRODUCT(D99:H99)-I99 -> 4.73
D100: 3.1 | E100: 0.7 | F100: 1.25 | J100: =PRODUCT(D100:H100)-I100 -> 2.71
A101: Ramal BL > PV10 | D101: 4.15 | E101: 0.7 | F101: 1.25 | J101: =PRODUCT(D101:H101)-I101 -> 3.63
D102: 3 | E102: 0.7 | F102: 1.25 | J102: =PRODUCT(D102:H102)-I102 -> 2.63
A103: Rede Ø400 - PV08 > PV09 | E103: 0.7 | H103: 165.61 | J103: =PRODUCT(D103:H103)-I103 -> 115.93
A104: Rede Ø400 - PV09 > PV10 | E104: 0.7 | H104: 126.03 | J104: =PRODUCT(D104:H104)-I104 -> 88.22
A105: ="TOTAL - "&'Plan. Orçamentária'!F33 -> TOTAL - M3 | J105: =SUM(J88:J104) -> 405.57 | Q105: 139.77
...

Sheet C.P.U.
A1: PREFEITURA MUNICIPAL Secretaria de Obras e Serviços Urbanos | Q1: 1
Q2: 2
Q3: 3
A4: ='Plan. Orçamentária'!A4:I4 -> OBRA POR EXECUÇÃO INDIRETA | Q4: 4
A5: ='Plan. Orçamentária'!A5:I5 -> Setor requisitante: Secretaria Municipal de Obras e Serviços Urbanos | Q5: 5
A6: ='Plan. Orçamentária'!A6:B7 -> Objeto: | B6: ='Plan. Orçamentária'!C6 -> LOTE 02 - Pavimentação de via em piso de concreto pré-moldado intertravado, tipo Sextavado - Rua Custódio Costa Lage, Rua Gabriel Martins Quintão e Avenida Nuno Lage, bairro Santa Maria - Nova Era/MG | G6: ='Plan. Orçamentária'!G6:G7 -> BDI: | H6: ='Plan. Orçamentária'!H6:H7 -> 0.3038 | I6: ='Plan. Orçamentária'!I6:I7 -> 44887 | Q6: 6
Q7: 7
A8: COMPOSIÇÃO DE CUSTOS UNITÁRIOS
A9: 1 | B9: Poço de visita para drenagem pluvial em alvenaria de blocos de concreto, cheios em concreto Fck ≥ 20MPa, dimensões internas de 100X100cm, altura de 150 cm a 300 cm (varíável de acordo com perfil da rede), para rede DN 400mm e DN600mm, com tampa de concreto armado e reboco interno, incluindo escavação e reaterro compactado, conforme projeto | H9: UN | I9: =I18 -> 5853.28
A10: Item | B10: Referência coeficiente | C10: Referência custo unitário | D10: Fonte custo unitário | E10: Descrição do insumo / serviço | F10: Unidade | G10: Coeficiente | H10: Custo unitário (R$) | I10: Custo total (R$)
A11: ="00"&$A$9&"."&Q1 -> 001.1 | B11: COMP-PMNE/MG | C11: ="COMP-PMNE-00"&A19 -> COMP-PMNE-002 | D11: COMP-PMNE/MG | E11: Execução de radier, espessura de 15 cm, Fck = 30 MPa, com uso de formas em madeira serrada inclusive execução de lastro com material granular (pedra britada n.2), escavação manual e compactação mecânica de solo | F11: M2 | G11: ='Memória de cálculo - Composição'!I13 -> 2.07 | H11: =I29 -> 220.68 | I11: =G11*H11 -> 456.81
A12: ="00"&$A$9&"."&Q2 -> 001.2 | B12: COMP-PMNE/MG | C12: 92803 | D12: SINAPI (OUT/2022) | E12: Corte e dobra de aço CA-50, diâmetro de 10,0 mm (0,617kg/m), utilizado em estrutura diversas (Armadura positiva e negativa em duas direções para radier) | F12: KG | G12: ='Memória de cálculo - Composição'!I18 -> 49.76 | H12: 11.72 | I12: =G12*H12 -> 583.19
A13: ="00"&$A$9&"."&Q3 -> 001.3 | B13: COMP-PMNE/MG | C13: 99252 | D13: SINAPI (OUT/2022) | E13: Base para poço de visita retangular para drenagem, em alvenaria com blocos de concreto, dimensões internas = 1,00 x 1,00 m, profundidade = 1,50, excluindo tampão | F13: UN | G13: 1 | H13: 2340.17 | I13: =G13*H13 -> 2340.17
A14: ="00"&$A$9&"."&Q4 -> 001.4 | B14: COMP-PMNE/MG | C14: ED-49621 | D14: SETOP (JUN/2022) | E14: Confecção de tampa em concreto armado, com armadura de ø 10,00 mm em duas direções, para poço de visita, Fck ≥ 35 MPa, inclusive lançamento de concreto, adensamento com vibrador de imersão, acabamento e formas | F14: M3 | G14: ='Memória de cálculo - Composição'!I22 -> 2.07 | H14: 682.74 | I14: =G14*H14 -> 1413.27
A15: ="00"&$A$9&"."&Q5 -> 001.5 | B15: COMP-PMNE/MG | C15: 92803 | D15: SINAPI (OUT/2022) | E15: Corte e dobra de aço CA-50, diâmetro de 10,0 mm (0,617kg/m), utilizado em estrutura diversas (Armadura positiva e negativa em duas direções para tampa de concreto | F15: KG | G15: ='Memória de cálculo - Composição'!I27 -> 49.76 | H15: 11.72 | I15: =G15*H15 -> 583.19
A16: ="00"&$A$9&"."&Q6 -> 001.6 | B16: COMP-PMNE/MG | C16: 87299 | D16: SINAPI (OUT/2022) | E16: Reboco, em argamassa traço 1:3 (Em volume de cimento e areia média úmida) para paredes internas, preparo mecânico com betoneira 600 L, aplicado manualmente em faces internas de paredes, espessura de 35 mm. | F16: M2 | G16: ='Memória de cálculo - Composição'!I31 -> 0.28 | H16: 429.9 | I16: =G16*H16 -> 120.37
A17: ="00"&$A$9&"."&Q7 -> 001.7 | B17: COMP-PMNE/MG | C17: 100066 | D17: SINAPI (OUT/2022) | E17: Armação do sistema de paredes com uso de tela Q-196 (3,11 kg/m2) | F17: KG | G17: ='Memória de cálculo - Composição'!I35 -> 24.88 | H17: 14.32 | I17: =G17*H17 -> 356.28
A18: ="TOTAL - "&G9 -> TOTAL - | I18: =SUM(I11:I17) -> 5853.28
A19: 2 | B19: Execução de radier, espessura de 15 cm, Fck = 30 MPa, com uso de formas em madeira serrada inclusive execução de lastro com material granular (pedra britada n.2), escavação manual e compactação mecânica de solo | H19: M2 | I19: =I29 -> 220.68
A20: Item | B20: Referência coeficiente | C20: Referência custo unitário | E20: Descrição do insumo / serviço | F20: Unidade | G20: Coeficiente | H20: Custo unitário (R$) | I20: Custo total (R$)
A22: ="00"&$A$19&"."&Q1 -> 002.1 | B22: 97102 | C22: 96624 | D22: SINAPI (OUT/2022) | E22: Lastro com material granular (pedra britada n.1), aplicado em pisos ou radiers, espessura de *10 cm* | F22: M3 | G22: 0.1 | H22: 148.16 | I22: =G22*H22 -> 14.82
A23: ="00"&$A$19&"."&Q2 -> 002.2 | B23: 97102 | C23: 97082 | D23: SINAPI (OUT/2022) | E23: Escavação manual de viga de borda para radier | F23: M3 | G23: 0.035 | H23: 47.07 | I23: =G23*H23 -> 1.65
A24: ="00"&$A$19&"."&Q3 -> 002.3 | B24: 97102 | C24: 97083 | D24: SINAPI (OUT/2022) | E24: Compactação mecânica de solo para execução de radier, com compactador de solos a percussão | F24: M2 | G24: 1 | H24: 2.6 | I24: =G24*H24 -> 2.6
A25: ="00"&$A$19&"."&Q4 -> 002.4 | B25: 97102 | C25: 97086 | D25: SINAPI (OUT/2022) | E25: Fabricação, montagem e desmontagem de forma para radier, em madeira serrada, 4 utilizações | F25: M2 | G25: 0.06 | H25: 127.41 | I25: =G25*H25 -> 7.64
A26: ="00"&$A$19&"."&Q5 -> 002.5 | B26: 97102 | C26: 97087 | D26: SINAPI (OUT/2022) | E26: Camada separadora para execução de radier, em lona plástica | F26: M2 | G26: 1 | H26: 2.62 | I26: =G26*H26 -> 2.62
A27: ="00"&$A$19&"."&Q6 -> 002.6 | B27: 97102 | C27: 97092 | D27: SINAPI (OUT/2022) | E27: Armação para execução de radier, com uso de tela Q-196 (3,11 kg/m2) | F27: KG | G27: 4.4 | H27: 20.21 | I27: =G27*H27 -> 88.92
A28: ="00"&$A$19&"."&Q7 -> 002.7 | B28: 97102 | C28: 97096 | D28: SINAPI (OUT/2022) | E28: Concretagem de radier, piso ou laje sobre solo, Fck ≥ 30 MPa, para espessura de 15 cm - Lançamento, adensamento e acabamento | F28: M3 | G28: 0.15 | H28: 682.86 | I28: =G28*H28 -> 102.43
A29: ="TOTAL - "&H19 -> TOTAL - M2 | I29: =SUM(I22:I28) -> 220.68
A30: 3 | B30: ='Plan. Orçamentária'!D42 -> Caixa de passagem para drenagem pluvial, em alvenaria de blocos de concreto, cheios em concreto Fck ≥ 20MPa, dimensões internas de 100X100cm, altura ≤ 250cm, para rede DN 400mm e DN600mm, com tampa de concreto armado e reboco interno, incluindo escavação e reaterro compactado, conforme projeto | H30: UN | I30: =I39 -> 5634.74
A31: Item | B31: Referência coeficiente | C31: Referência custo unitário | D31: Fonte custo unitário | E31: Descrição do insumo / serviço | F31: Unidade | G31: Coeficiente | H31: Custo unitário (R$) | I31: Custo total (R$)
A32: ="00"&$A$30&"."&Q1 -> 003.1 | B32: COMP-PMNE/MG | C32: ="COMP-PMNE-00"&A19 -> COMP-PMNE-002 | D32: COMP-PMNE/MG | E32: =B19 -> Execução de radier, espessura de 15 cm, Fck = 30 MPa, com uso de formas em madeira serrada inclusive execução de lastro com material granular (pedra britada n.2), escavação manual e compactação mecânica de solo | F32: =H19 -> M2 | G32: ='Memória de cálculo - Composição'!I40 -> 1.96 | H32: =I29 -> 220.68 | I32: =G32*H32 -> 432.53
A33: ="00"&$A$30&"."&Q2 -> 003.2 | B33: COMP-PMNE/MG | C33: 92803 | D33: SINAPI (OUT/2022) | E33: Corte e dobra de aço CA-50, diâmetro de 10,0 mm (0,617kg/m), utilizado em estrutura diversas (Armadura positiva e negativa em duas direções para radier) | F33: KG | G33: ='Memória de cálculo - Composição'!I45 -> 49.76 | H33: 11.72 | I33: =G33*H33 -> 583.19
A34: ="00"&$A$30&"."&Q3 -> 003.3 | B34: COMP-PMNE/MG | C34: 99252 | D34: SINAPI (OUT/2022) | E34: Base para poço de visita retangular para drenagem, em alvenaria com blocos de concreto, dimensões internas = 1x1 m, profundidade = 1,50 m, excluindo tampão. af_12/2020 | F34: UN | G34: 1 | H34: 2340.17 | I34: =G34*H34 -> 2340.17
A35: ="00"&$A$30&"."&Q4 -> 003.4 | B35: COMP-PMNE/MG | C35: ED-49621 | D35: SETOP (JUN/2022) | E35: Confecção de tampa em concreto armado, com armadura de ø 10,00 mm em duas direções, para poço de visita, Fck ≥ 35 MPa, inclusive lançamento de concreto, adensamento com vibrador de imersão, acabamento e formas | F35: M3 | G35: ='Memória de cálculo - Composição'!I49 -> 1.96 | H35: 682.74 | I35: =G35*H35 -> 1338.17
A36: ="00"&$A$30&"."&Q5 -> 003.5 | B36: COMP-PMNE/MG | C36: 92803 | D36: SINAPI (OUT/2022) | E36: Corte e dobra de aço CA-50, diâmetro de 10,0 mm (0,617kg/m), utilizado em estrutura diversas (Armadura positiva e negativa em duas direções para tampa de concreto) | F36: KG | G36: ='Memória de cálculo - Composição'!I54 -> 49.76 | H36: 11.72 | I36: =G36*H36 -> 583.19
A37: ="00"&$A$30&"."&Q6 -> 003.6 | B37: COMP-PMNE/MG | C37: 87299 | D37: SINAPI (OUT/2022) | E37: Reboco, em argamassa traço 1:3 (Em volume de cimento e areia média úmida) para paredes internas, preparo mecânico com betoneira 600 L, aplicado manualmente em faces internas de paredes, espessura de 35 mm. | F37: M3 | G37: ='Memória de cálculo - Composição'!I58 -> 0.21 | H37: 429.9 | I37: =G37*H37 -> 90.28
A38: ="00"&$A$30&"."&Q7 -> 003.7 | B38: COMP-PMNE/MG | C38: 100066 | D38: SINAPI (OUT/2022) | E38: Armação do sistema de paredes com uso de tela Q-196 (3,11 kg/m2) | F38: KG | G38: ='Memória de cálculo - Composição'!I62 -> 18.66 | H38: 14.32 | I38: =G38*H38 -> 267.21
A39: ="TOTAL - "&H30 -> TOTAL - UN | I39: =SUM(I32:I38) -> 5634.74

Sheet Memória de cálculo - Composição
A1: PREFEITURA MUNICIPAL Secretaria de Obras e Serviços Urbanos
A4: ='Plan. Orçamentária'!A4:I4 -> OBRA POR EXECUÇÃO INDIRETA
A5: ='Plan. Orçamentária'!A5:I5 -> Setor requisitante: Secretaria Municipal de Obras e Serviços Urbanos
A6: ='Plan. Orçamentária'!A6:B7 -> Objeto: | B6: ='Plan. Orçamentária'!C6 -> LOTE 02 - Pavimentação de via em piso de concreto pré-moldado intertravado, tipo Sextavado - Rua Custódio Costa Lage, Rua Gabriel Martins Quintão e Avenida Nuno Lage, bairro Santa Maria - Nova Era/MG | G6: ='Plan. Orçamentária'!G6:G7 -> BDI: | H6: ='Plan. Orçamentária'!H6:H7 -> 0.3038 | I6: ='Plan. Orçamentária'!I6:I7 -> 44887
A8: COMPOSIÇÃO DE CUSTOS UNITÁRIOS
A9: ='Plan. Orçamentária'!A41 -> 5.11 | B9: ='C.P.U.'!B9 -> Poço de visita para drenagem pluvial em alvenaria de blocos de concreto, cheios em concreto Fck ≥ 20MPa, dimensões internas de 100X100cm, altura de 150 cm a 300 cm (varíável de acordo com perfil da rede), para rede DN 400mm e DN600mm, com tampa de concreto armado e reboco interno, incluindo escavação e reaterro compactado, conforme projeto
A10: ='C.P.U.'!A11 -> 001.1 | B10: ='C.P.U.'!E11 -> Execução de radier, espessura de 15 cm, Fck = 30 MPa, com uso de formas em madeira serrada inclusive execução de lastro com material granular (pedra britada n.2), escavação manual e compactação mecânica de solo
A11: Detalhe | C11: Extensão | D11: Largura | E11: Altura | F11: Quantitade | G11: Meses | H11: Dedução | I11: Total
A12: Base para caixa de passagem | C12: 1.44 | D12: 1.44 | I12: =PRODUCT(C12:H12) -> 2.07
A13: ="TOTAL - "&[2]Composição!F21 -> TOTAL - M3 | I13: =SUM(I12) -> 2.07
A14: ='C.P.U.'!A12 -> 001.2 | B14: ='C.P.U.'!E12 -> Corte e dobra de aço CA-50, diâmetro de 10,0 mm (0,617kg/m), utilizado em estrutura diversas (Armadura positiva e negativa em duas direções para radier)
A15: Detalhe | C15: Extensão | D15: Largura | E15: Altura | F15: Quantitade | G15: Direção | H15: Massa nominal (kg/m2) | I15: Total
A16: Radier - Positiva | C16: 1.44 | F16: 14 | G16: 2 | H16: 0.617 | I16: =PRODUCT(C16:H16) -> 24.88
A17: Radier - Negativa | C17: 1.44 | F17: 14 | G17: 2 | H17: 0.617 | I17: =PRODUCT(C17:H17) -> 24.88
A18: ="TOTAL - "&[2]Composição!F22 -> TOTAL - M2 | I18: =SUM(I16:I17) -> 49.76
A19: ='C.P.U.'!A14 -> 001.4 | B19: ='C.P.U.'!E14 -> Confecção de tampa em concreto armado, com armadura de ø 10,00 mm em duas direções, para poço de visita, Fck ≥ 35 MPa, inclusive lançamento de concreto, adensamento com vibrador de imersão, acabamento e formas
A20: Detalhe | C20: Extensão | D20: Largura | E20: Altura | F20: Quantitade | G20: Meses | H20: Dedução | I20: Total
A21: Tampa para caixa de passagem | C21: 1.44 | D21: 1.44 | I21: =PRODUCT(C21:H21) -> 2.07
A22: ="TOTAL - "&[2]Composição!F24 -> TOTAL - M2 | I22: =SUM(I21) -> 2.07
A23: ='C.P.U.'!A15 -> 001.5 | B23: ='C.P.U.'!E15 -> Corte e dobra de aço CA-50, diâmetro de 10,0 mm (0,617kg/m), utilizado em estrutura diversas (Armadura positiva e negativa em duas direções para tampa de concreto
A24: Detalhe | C24: Extensão | D24: Largura | E24: Altura | F24: Quantitade | G24: Direção | H24: Massa nominal (kg/m) | I24: Total
A25: Tampa de concreto - Positiva | C25: 1.44 | F25: 14 | G25: 2 | H25: 0.617 | I25: =PRODUCT(C25:H25) -> 24.88
A26: Tampa de concreto - Negativa | C26: 1.44 | F26: 14 | G26: 2 | H26: 0.617 | I26: =PRODUCT(C26:H26) -> 24.88
A27: ="TOTAL - "&[2]Composição!F25 -> TOTAL - KG | I27: =SUM(I25:I26) -> 49.76
A28: ='C.P.U.'!A16 -> 001.6 | B28: ='C.P.U.'!E16 -> Reboco, em argamassa traço 1:3 (Em volume de cimento e areia média úmida) para paredes internas, preparo mecânico com betoneira 600 L, aplicado manualmente em faces internas de paredes, espessura de 35 mm.
A29: Detalhe | C29: Extensão | D29: Largura | E29: Altura | F29: Lados | G29: Espessura | H29: Dedução | I29: Total
A30: Paredes internas | D30: 1 | E30: 2 | F30: 4 | G30: 0.035 | I30: =PRODUCT(C30:H30) -> 0.28
A31: ="TOTAL - "&[2]Composição!F26 -> TOTAL - M3 | I31: =SUM(I30) -> 0.28
A32: ='C.P.U.'!A17 -> 001.7 | B32: ='C.P.U.'!E17 -> Armação do sistema de paredes com uso de tela Q-196 (3,11 kg/m2)
A33: Detalhe | C33: Extensão | D33: Largura | E33: Altura | F33: Quantitade | G33: Direção | H33: Massa nominal (kg/m2) | I33: Total
A34: Tampa para caixa de passagem | D34: 1 | E34: 2 | G34: 4 | H34: 3.11 | I34: =PRODUCT(C34:H34) -> 24.88
A35: ="TOTAL - "&[2]Composição!F27 -> TOTAL - | I35: =SUM(I34) -> 24.88
A36: ='C.P.U.'!A30 -> 3 | B36: ='C.P.U.'!B30 -> Caixa de passagem para drenagem pluvial, em alvenaria de blocos de concreto, cheios em concreto Fck ≥ 20MPa, dimensões internas de 100X100cm, altura ≤ 250cm, para rede DN 400mm e DN600mm, com tampa de concreto armado e reboco interno, incluindo escavação e reaterro compactado, conforme projeto
A37: ='C.P.U.'!A32 -> 003.1 | B37: ='C.P.U.'!E32 -> Execução de radier, espessura de 15 cm, Fck = 30 MPa, com uso de formas em madeira serrada inclusive execução de lastro com material granular (pedra britada n.2), escavação manual e compactação mecânica de solo
A38: Detalhe | C38: Extensão | D38: Largura | E38: Altura | F38: Quantitade | G38: Meses | H38: Dedução | I38: Total
A39: Base para caixa de passagem | C39: 1.4 | D39: 1.4 | I39: =PRODUCT(C39:H39) -> 1.96
A40: ="TOTAL - "&[2]Composição!F56 -> TOTAL - Unidade | I40: =SUM(I39) -> 1.96
A41: ='C.P.U.'!A33 -> 003.2 | B41: ='C.P.U.'!E33 -> Corte e dobra de aço CA-50, diâmetro de 10,0 mm (0,617kg/m), utilizado em estrutura diversas (Armadura positiva e negativa em duas direções para radier)
A42: Detalhe | C42: Extensão | D42: Largura | E42: Altura | F42: Quantitade | G42: Direção | H42: Massa nominal (kg/m2) | I42: Total
A43: Radier - Positiva | C43: 1.44 | F43: 14 | G43: 2 | H43: 0.617 | I43: =PRODUCT(C43:H43) -> 24.88
A44: Radier - Negativa | C44: 1.44 | F44: 14 | G44: 2 | H44: 0.617 | I44: =PRODUCT(C44:H44) -> 24.88
A45: ="TOTAL - "&[2]Composição!F57 -> TOTAL - M3 | I45: =SUM(I43:I44) -> 49.76
A46: ='C.P.U.'!A35 -> 003.4 | B46: ='C.P.U.'!E35 -> Confecção de tampa em concreto armado, com armadura de ø 10,00 mm em duas direções, para poço de visita, Fck ≥ 35 MPa, inclusive lançamento de concreto, adensamento com vibrador de imersão, acabamento e formas
A47: Detalhe | C47: Extensão | D47: Largura | E47: Altura | F47: Quantitade | G47: Meses | H47: Dedução | I47: Total
A48: Tampa para caixa de passagem | C48: 1.4 | D48: 1.4 | I48: =PRODUCT(C48:H48) -> 1.96
A49: ="TOTAL - "&[2]Composição!F59 -> TOTAL - H | I49: =SUM(I48) -> 1.96
A50: ='C.P.U.'!A36 -> 003.5 | B50: ='C.P.U.'!E36 -> Corte e dobra de aço CA-50, diâmetro de 10,0 mm (0,617kg/m), utilizado em estrutura diversas (Armadura positiva e negativa em duas direções para tampa de concreto)
A51: Detalhe | C51: Extensão | D51: Largura | E51: Altura | F51: Quantitade | G51: Direção | H51: Massa nominal (kg/m) | I51: Total
A52: Tampa de concreto - Positiva | C52: 1.44 | F52: 14 | G52: 2 | H52: 0.617 | I52: =PRODUCT(C52:H52) -> 24.88
A53: Tampa de concreto - Negativa | C53: 1.44 | F53: 14 | G53: 2 | H53: 0.617 | I53: =PRODUCT(C53:H53) -> 24.88
A54: ="TOTAL - "&[2]Composição!F60 -> TOTAL - H | I54: =SUM(I52:I53) -> 49.76
A55: ='C.P.U.'!A37 -> 003.6 | B55: ='C.P.U.'!E37 -> Reboco, em argamassa traço 1:3 (Em volume de cimento e areia média úmida) para paredes internas, preparo mecânico com betoneira 600 L, aplicado manualmente em faces internas de paredes, espessura de 35 mm.
A56: Detalhe | C56: Extensão | D56: Largura | E56: Altura | F56: Lados | G56: Espessura | H56: Dedução | I56: Total
A57: Paredes internas | D57: 1 | E57: 1.5 | F57: 4 | G57: 0.035 | I57: =PRODUCT(C57:H57) -> 0.21
A58: ="TOTAL - "&[2]Composição!F61 -> TOTAL - | I58: =SUM(I57) -> 0.21
A59: ='C.P.U.'!A38 -> 003.7 | B59: ='C.P.U.'!E38 -> Armação do sistema de paredes com uso de tela Q-196 (3,11 kg/m2)
A60: Detalhe | C60: Extensão | D60: Largura | E60: Altura | F60: Quantitade | G60: Direção | H60: Massa nominal (kg/m2) | I60: Total
A61: Tampa para caixa de passagem | D61: 1 | E61: 1.5 | G61: 4 | H61: 3.11 | I61: =PRODUCT(C61:H61) -> 18.66
A62: ="TOTAL - "&[2]Composição!F62 -> TOTAL - | I62: =SUM(I61) -> 18.66

Sheet BDI
A1: PREFEITURA MUNICIPAL Secretaria de Obras e Serviços Urbanos
A4: ='[3]Planilha orçamentária-Evento'!A4:I4 -> OBRA POR EXECUÇÃO INDIRETA
A5: ='[3]Planilha orçamentária-Evento'!A5:I5 -> Setor requisitante: Secretaria Municipal de Obras e Serviços Urbanos
A6: ='[3]Planilha orçamentária-Evento'!A6:A7 -> Objeto: | B6: ='Plan. Orçamentária'!C6 -> LOTE 02 - Pavimentação de via em piso de concreto pré-moldado intertravado, tipo Sextavado - Rua Custódio Costa Lage, Rua Gabriel Martins Quintão e Avenida Nuno Lage, bairro Santa Maria - Nova Era/MG | J6: =TODAY() -> 44887
A8: BDI
A10: Conforme legislação tributária municipal, definir estimativa de percentual da base de cálculo para o ISS: | I10: 0.9
A11: Sobre a base de cálculo, definir a respectiva alíquota do ISS (entre 2% e 5%): | I11: 0.05
A13: BDI 1
A15: TIPO DE OBRA
A16: Contrução de rodovias e ferrovias
A18: Itens | I18: Siglas | J18: % Adotado
A19: Administração Central | I19: AC | J19: 0.0401
A20: Seguro e Garantia | I20: SG | J20: 0.004
A21: Risco | I21: R | J21: 0.0056
A22: Despesas Financeiras | I22: DF | J22: 0.0111
A23: Lucro | I23: L | J23: 0.073
A24: Tributos (impostos COFINS 3%, e PIS 0,65%) | I24: CP | J24: 0.0365
A25: Tributos (ISS, variável de acordo com o município) | I25: ISS | J25: =I11*I10 -> 0.045
A26: Tributos (Contribuição Previdenciária sobre a Receita Bruta - 0% ou 4,5% - Desoneração) | I26: CPRB | J26: 0.045
A27: BDI SEM desoneração (Fórmula Acórdão TCU) | I27: BDI PAD | J27: =(((1+J19+J20+J21)*(1+J22)*(1+J23))/(1-(J24+J25)))-1 -> 0.2399
A28: BDI COM desoneração | I28: BDI DES | J28: =(((1+(J19+J20+J21))*(1+J22)*(1+J23))/(1-(J24+J25+J26)))-1 -> 0.3038
A31: Os valores de BDI foram calculados com o emprego da fórmula:
A37: Declaro para os devidos fins que, conforme legislação tributária municipal, a base de cálculo deste tipo de obra corresponde à 90%, com a respectiva alíquota de 5%.
A41: Declaro para os devidos fins que o regime de Contribuição Previdenciária sobre a Receita Bruta adotado para elaboração do orçamento foi COM Desoneração, e que esta é a alternativa mais adequada para a Administração Pública.
A45: Observações:

Sheet Cronograma Fis-Fin
A1: PREFEITURA MUNICIPAL Secretaria de Obras e Serviços Urbanos
A4: ='Plan. Orçamentária'!A4:I4 -> OBRA POR EXECUÇÃO INDIRETA
A5: ='Plan. Orçamentária'!A5:I5 -> Setor requisitante: Secretaria Municipal de Obras e Serviços Urbanos
A6: ='Plan. Orçamentária'!A6:B7 -> Objeto: | B6: ='Plan. Orçamentária'!C6 -> LOTE 02 - Pavimentação de via em piso de concreto pré-moldado intertravado, tipo Sextavado - Rua Custódio Costa Lage, Rua Gabriel Martins Quintão e Avenida Nuno Lage, bairro Santa Maria - Nova Era/MG | N6: ='Plan. Orçamentária'!G6:G7 -> BDI: | O6: ='Plan. Orçamentária'!H6:H7 -> 0.3038 | P6: ='Plan. Orçamentária'!I6:I7 -> 44887
A8: CRONOGRAMA FÍSICO / FINANCEIRO
A9: ITEM | B9: EVENTO | E9: FÍSICO/ FINANCEIRO | F9: TOTAL ETAPAS | G9: MÊS 1 | H9: MÊS 2 | I9: MÊS 3 | J9: MÊS 4 | K9: MÊS 5 | L9: MÊS 6 | M9: MÊS 7 | N9: MÊS 8 | O9: MÊS 9 | P9: MÊS 10
A11: ='Plan. Orçamentária'!A10 -> 1 | B11: ='Plan. Orçamentária'!D10 -> MOBILIZAÇÃO E DESMOBILIZAÇÃO | E11: Físico % | F11: =SUM(G11:J11) -> #DIV/0! | G11: =G12/F12 -> #DIV/0! | H11: =H12/F12 -> #DIV/0! | I11: =I12/G12 -> #DIV/0! | J11: =J12/F12 -> #DIV/0!
E12: Financeiro | F12: ='Plan. Orçamentária'!I12 -> 0 | G12: ='Plan. Orçamentária'!I12*0.7 -> 0 | H12: 0 | I12: ='Plan. Orçamentária'!J12*0.3 -> 0 | J12: ='Plan. Orçamentária'!I12*0.3 -> 0 | R12: =F12 -> 0 | S12: =SUM(G12:J12) -> 0 | T12: =R12-S12 -> 0
A13: ='Plan. Orçamentária'!A13 -> 2 | B13: ='Plan. Orçamentária'!D13 -> CANTEIRO DE OBRAS | E13: Físico % | F13: =SUM(G13:J13) -> #DIV/0! | G13: =G14/F14 -> #DIV/0! | H13: =H14/F14 -> #DIV/0! | I13: =I14/F14 -> #DIV/0! | J13: =J14/G14 -> #DIV/0!
E14: Financeiro | F14: ='Plan. Orçamentária'!I19 -> 0 | G14: =('Plan. Orçamentária'!I14+'Plan. Orçamentária'!I17+'Plan. Orçamentária'!I18)+('Plan. Orçamentária'!I15+'Plan. Orçamentária'!I16)/2 -> 0 | H14: =('Plan. Orçamentária'!I15+'Plan. Orçamentária'!I16)/2 -> 0 | I14: ='Plan. Orçamentária'!L19 -> 0 | J14: =('Plan. Orçamentária'!L14+'Plan. Orçamentária'!L17+'Plan. Orçamentária'!L18)+('Plan. Orçamentária'!L15+'Plan. Orçamentária'!L16)/2 -> 0 | R14: =F14 -> 0 | S14: =SUM(G14:J14) -> 0 | T14: =R14-S14 -> 0
A15: ='Plan. Orçamentária'!A20 -> 3 | B15: ='Plan. Orçamentária'!D20 -> ADMINISTRAÇAO LOCAL | E15: Físico % | F15: =SUM(G15:J15) -> #DIV/0! | G15: =G16/F16 -> #DIV/0! | H15: =H16/F16 -> #DIV/0! | I15: =I16/F16 -> #DIV/0! | J15: =J16/F16 -> #DIV/0!
E16: Financeiro | F16: ='Plan. Orçamentária'!I25 -> 0 | G16: ='Plan. Orçamentária'!I25/4 -> 0 | H16: ='Plan. Orçamentária'!I25/4 -> 0 | I16: ='Plan. Orçamentária'!I25/4 -> 0 | J16: ='Plan. Orçamentária'!I25/4 -> 0 | R16: =F16 -> 0 | S16: =SUM(G16:J16) -> 0 | T16: =R16-S16 -> 0
A17: ='Plan. Orçamentária'!A26 -> 4 | B17: ='Plan. Orçamentária'!D26 -> SINALIZAÇÃO | E17: Físico % | F17: =SUM(G17:J17) -> #DIV/0! | G17: =G18/F18 -> #DIV/0! | H17: =H18/F18 -> #DIV/0! | I17: =I18/F18 -> #DIV/0! | J17: =J18/F18 -> #DIV/0!
E18: Financeiro | F18: ='Plan. Orçamentária'!I29 -> 0 | G18: ='Plan. Orçamentária'!I29/4 -> 0 | H18: ='Plan. Orçamentária'!I29/4 -> 0 | I18: ='Plan. Orçamentária'!I29/4 -> 0 | J18: ='Plan. Orçamentária'!I29/4 -> 0 | R18: =F18 -> 0 | S18: =SUM(G18:J18) -> 0 | T18: =R18-S18 -> 0
A19: ='Plan. Orçamentária'!A30 -> 5 | B19: ='Plan. Orçamentária'!D30 -> DRENAGEM PLUVIAL | E19: Físico % | F19: =SUM(G19:J19) -> #DIV/0! | G19: =G20/F20 -> #DIV/0! | H19: =H20/F20 -> #DIV/0! | I19: =I20/F20 -> #DIV/0! | J19: =J20/F20 -> #DIV/0!
E20: Financeiro | F20: ='Plan. Orçamentária'!I44 -> 0 | G20: ='Plan. Orçamentária'!I44/2 -> 0 | H20: ='Plan. Orçamentária'!I44/2-0.01 -> -0.01 | I20: ='Plan. Orçamentária'!L44 -> 0 | J20: ='Plan. Orçamentária'!L33+'Plan. Orçamentária'!L35+'Plan. Orçamentária'!L37+'Plan. Orçamentária'!L39+'Plan. Orçamentária'!L41 -> 0 | R20: =F20 -> 0 | S20: =SUM(G20:J20) -> -0.01 | T20: =R20-S20 -> 0.01
A21: ='Plan. Orçamentária'!A45 -> 6 | B21: ='Plan. Orçamentária'!D45 -> PAVIMENTAÇÃO | E21: Físico % | F21: =SUM(G21:J21) -> #DIV/0! | G21: =G22/F22 -> #DIV/0! | H21: =H22/F22 -> #DIV/0! | I21: =I22/F22 -> #DIV/0! | J21: =J22/F22 -> #DIV/0!
E22: Financeiro | F22: ='Plan. Orçamentária'!I54 -> 0 | G22: ='Plan. Orçamentária'!I46+'Plan. Orçamentária'!I47+'Plan. Orçamentária'!I48+'Plan. Orçamentária'!I50 -> 0 | H22: =('Plan. Orçamentária'!I49+'Plan. Orçamentária'!I51+'Plan. Orçamentária'!I52+'Plan. Orçamentária'!I53)/3 -> 0 | I22: =('Plan. Orçamentária'!I49+'Plan. Orçamentária'!I51+'Plan. Orçamentária'!I52+'Plan. Orçamentária'!I53)/3 -> 0 | J22: =(('Plan. Orçamentária'!I49+'Plan. Orçamentária'!I51+'Plan. Orçamentária'!I52+'Plan. Orçamentária'!I53)/3)-0.01 -> -0.01 | R22: =F22 -> 0 | S22: =SUM(G22:J22) -> -0.01 | T22: =R22-S22 -> 0.01
A23: TOTAL | E23: Físico % | F23: =SUM(G23:J23) -> #DIV/0! | G23: =G24/$F$24 -> #DIV/0! | H23: =H24/$F$24 -> #DIV/0! | I23: =I24/$F$24 -> #DIV/0! | J23: =J24/$F$24-0.0001 -> #DIV/0! | R23: =F23 -> #DIV/0! | S23: =SUM(G23:J23) -> #DIV/0! | T23: =R23-S23 -> #DIV/0!
E24: Financeiro | F24: =F12+F14+F16+F18+F20+F22 -> 0 | G24: =G12+G14+G16+G18+G20+G22 -> 0 | H24: =H12+H14+H16+H18+H20+H22 -> -0.01 | I24: =I12+I14+I16+I18+I20+I22 -> 0 | J24: =J12+J14+J16+J18+J20+J22 -> -0.01 | R24: =F24 -> 0 | S24: ='Plan. Orçamentária'!I55 -> 0 | T24: =R24-S24 -> 0
